 Dungeon Crawl Stone Soup version 0.20.0-10-g0535bb4 (webtiles) character file.

536762 Zwobot the Blinker (level 24, 198/198 HPs)
             Began as a Mummy Fighter on June 4, 2017.
             Was the Champion of Ashenzari.
             Quit the game on level 4 of the Depths on June 5, 2017.
             The game lasted 03:15:07 (48052 turns).

Zwobot the Blinker (Mummy Fighter)                 Turns: 48052, Time: 03:15:07

Health: 198/198    AC: 25    Str: 25    XL:     24   Next: 60%
Magic:  37/38      EV: 36    Int: 15    God:    Ashenzari [******]
Gold:   4186       SH:  0    Dex: 18    Spells: 6/45 levels left

rFire    + . .     SeeInvis +   Y - +8 great sword (vamp) (curse)
rCold    + + .     Gourm    .   (shield currently unavailable)
rNeg     + + +     Faith    .   y - +6 scale mail of Ru's Approval {rF+ Str+3} (curse)
rPois    ∞         Spirit   .   w - +1 helmet {Int+3} (curse)
rElec    .         Reflect  .   D - scarf {rC+ rF+} (curse)
rCorr    .         Harm     .   o - +2 pair of gloves {Dex+3} (curse)
MR       +++..     Clarity  +   G - +0 pair of boots (curse)
Stlth    ..........             n - amulet of regeneration (curse)
Regen    0.9/turn               h - ring of Phasing {EV+8} (curse)
MPRegen  0.3/turn               l - +5 ring of evasion (curse)

@: studying Throwing
A: no food or potions, fire vulnerability, cold resistance 1, negative energy
resistance 3, torment resistance, unbreathing, in touch with death 1
}: 3/15 runes: barnacled, silver, gossamer
a: Curse Item, Scrying, Transfer Knowledge, Renounce Religion


You were on level 4 of the Depths.
You worshipped Ashenzari.
Ashenzari was exalted by your worship.
You were not hungry.

You visited 8 branches of the dungeon, and saw 43 of its levels.
You also visited: Labyrinth, Ossuary and Ice Cave.

You collected 5629 gold pieces.
You spent 1443 gold pieces at shops.

Inventory:

Hand Weapons
 m - a +3 demon whip of draining
 Q - a +2 double sword of draining
 X - a cursed +1 great sword of pain
 Y - a cursed +8 vampiric great sword (weapon)
Missiles
 r - 24 poisoned javelins
 A - 15 javelins
 T - 4 throwing nets (quivered)
Armour
 a - +0 shadow dragon scales
 o - a cursed +2 pair of gloves of dexterity (worn)
 w - a cursed +1 helmet of intelligence (worn)
 y - the cursed +6 scale mail of Ru's Approval (worn) {rF+ Str+3}
   (You found it in a labyrinth)

   It affects your strength (+3).
   It protects you from fire.
   It has a curse placed upon it.
 D - a cursed scarf of resistance (worn)
 G - a cursed +0 pair of boots (worn)
Jewellery
 f - a +2 amulet of reflection
 h - the cursed ring of Phasing (left hand) {EV+8}
   (You found it on level 4 of the Dungeon)

   [ring of evasion]

   It affects your evasion (+8).
   It has a curse placed upon it.
 l - a cursed +5 ring of evasion (right hand)
 n - a cursed amulet of regeneration (around neck)
 u - an uncursed ring of fire
 H - an uncursed ring of protection from magic
 U - an uncursed ring of wizardry
 V - an uncursed ring of resist corrosion
Wands
 c - a wand of lightning (1/15)
 e - a wand of paralysis (17/24)
 s - a wand of enslavement (3/24)
 z - a wand of iceblast (2/15)
 B - a wand of enslavement (12/24)
 E - a wand of digging (12/24)
 I - a wand of random effects (17/48)
 K - a wand of digging (3/24)
 N - a wand of confusion (16/48)
 O - a wand of paralysis (1/24)
 P - a wand of lightning (3/15)
 R - a wand of lightning (8/15)
 W - a wand of iceblast (6/15)
Scrolls
 b - 4 scrolls of fear
 d - 7 scrolls of amnesia
 g - 12 scrolls of teleportation
 i - 9 scrolls of fog
 j - 11 scrolls of remove curse
 k - 22 scrolls of identify
 p - a scroll of torment
 v - 7 scrolls of magic mapping
 x - 7 scrolls of recharging
 J - 3 scrolls of silence
 L - 3 scrolls of vulnerability
 S - 2 scrolls of enchant weapon
 Z - 7 scrolls of enchant armour
Books
 q - a manual of Throwing
 M - Eqifof's Guide on Cloudy Beguiling
   (You found it on level 2 of the Depths)

   Spells                             Type                      Level
   a - Confusing Touch                Hexes                        1
   b - Slow                           Hexes                        2
   c - Confuse                        Hexes                        3
   d - Tukima's Dance                 Hexes                        3
   e - Silence                        Hexes/Air                    5
   f - Conjure Ball Lightning         Conjuration/Air              6
Miscellaneous
 t - a lamp of fire
 C - a fan of gales
 F - a lightning rod (4/4)


   Skills:
 - Level 18.2 Fighting
 - Level 15.4(20.6) Long Blades
 - Level 6.1 Throwing
 - Level 14.0(18.0) Armour
 - Level 13.3(17.4) Dodging
   Level 2.4 Shields
 - Level 11.0 Spellcasting
 - Level 5.7(10.2) Necromancy
 * Level 20.9(24.4) Translocations
 - Level 7.1(11.6) Evocations


You had 6 spell levels left.
You knew the following spells:

 Your Spells              Type           Power        Failure   Level  Hunger
a - Controlled Blink      Tloc           N/A          5%          8    N/A
b - Dispel Undead         Necr           ######..     6%          5    N/A
c - Vampiric Draining     Necr           ######....   1%          3    N/A
d - Control Undead        Necr           ######....   2%          4    N/A
e - Animate Dead          Necr           N/A          2%          4    N/A
f - Apportation           Tloc           ######       0%          1    N/A
g - Disjunction           Tloc           ######....   5%          8    N/A
h - Death Channel         Necr           ######....   34%         6    N/A

Dungeon Overview and Level Annotations

Branches:
Dungeon (15/15)            Temple (0/1) D:6            Lair (6/6) D:11
 Shoals (4/4) Lair:3       Spider (4/4) Lair:4        Slime (0/5) Lair:6
    Orc (2/2) D:12            Elf (0/3) Orc:2        Vaults (5/5) D:14
  Crypt (3/3) Vaults:3       Tomb (0/3) Crypt:3      Depths (4/5) D:15

Altars:
Ashenzari
Dithmenos
Elyvilon
Fedhas
Kikubaaqudgha
Nemelex Xobeh
Okawaru
Ru
Trog
Vehumet
Xom
Yredelemnul
The Shining One
Jiyva

Shops:
D:8 :   D:13 (   D:15 *   Orc:2 (?}}=   Vaults:4 =

Portals:
Hell: Depths:1 Depths:2 Depths:3
Pandemonium: Depths:3
Trove: D:10 (give +6 demon whip)

Annotations:
D:6 1 runed door
D:10 exclusion: sensed monster (detected)
Shoals:4 Ilsuiw
Vaults:2 Nikola


Innate Abilities, Weirdness & Mutations

You do not eat or drink.
Your flesh is vulnerable to fire.
You are immune to poison.
Your flesh is cold resistant. (rC+)
You are immune to negative energy. (rN+++)
You are immune to unholy pain and torment.
You can survive without breathing.
You are in touch with the powers of death.


Message History

The phantasmal warrior completely misses you.
You riposte.
You slash the phantasmal warrior!
The phantasmal warrior is moderately damaged.
You slice the phantasmal warrior!!
The phantasmal warrior is severely damaged.
Your guardian serpent zombie hits the phantasmal warrior!
The phantasmal warrior is destroyed!
No target in view!
No target in view!
You see here a +0 triple sword.
You can't carry that many items.
You now have 4186 gold pieces (gained 12).
Unknown command.
Unknown command.
Unknown command.
Saving game... please wait.
Welcome back, Zwobot the Mummy Fighter.
Ashenzari says: Partake of my vision.
Partake of my curse.
Press ? for a list of commands and other information.
Are you sure you want to abandon this character and quit the game? (Confirm with "yes".)

.#######{ZZ.Z....####Z.. , , ,
#Z#######.# #{## * * *** , *,*
#Z.# #.# ##Z# , * ,,∆ *, #..##
#.# #Z.# ,, *, , * ####.Z## #.#
#.## ,,* , ** ,* ,##..##..## #)#
#Z# ,* ,,,* {,,##....##..###)#
#Z# * , , , ,##......##Z.##)#
#Z# ,,, * ,
##...)@...##.(<)###Z### , , ,*,
,#..##ZZ##..#.##........ ,,** ,*
,+..#....#..#.##........ ,
,{#....ZZ../.#..###.##.## *
*,,,+..#....#..##Z###.#*.# , ,*,
,,#..##..##..##..##+##.# *, ,,*
, ##...[?Z..####.Z...#.# ,, , ,
* ##......'#..##.Z..#.#
,**,,,,**∆,∆##....##{...##Z..#?#


You could see a friendly orc sorcerer zombie, a friendly spriggan berserker
zombie, a friendly guardian serpent zombie, a friendly frost giant zombie and a
friendly salamander mystic zombie.

Vanquished Creatures
  3 ancient liches
  Margery (Depths:4)
  Xtahua (Vaults:4)
  Jory (Depths:4)
  6 golden dragons
  A profane servitor (Crypt:3)
  Arachne (Spider:4)
  A bone dragon (Crypt:3)
  3 tentacled monstrosities
  4 titans (Vaults:5)
  2 quicksilver dragons
  2 liches
  2 acid blobs (Depths:2)
  Polyphemus (Shoals:3)
  4 sphinxes
  3 storm dragons
  5 ancient champions
  4 shadow dragons
  8 tengu reavers
  4 azure jellies (Depths:2)
  6 iron dragons
  2 revenants
  22 vault wardens
  A deep elf sorcerer (Vaults:5)
  5 ghost moths
  6 emperor scorpions (Spider:4)
  11 frost giants
  4 fire giants
  A deep elf elementalist (Vaults:5)
  8 ghouls
  A caustic shrike zombie (Crypt:1)
  A curse skull (Crypt:2)
  9 very ugly things
  3 war gargoyles
  A spriggan defender (Depths:4)
  22 stone giants
  17 ironheart preservers
  8 vampire knights
  4 entropy weavers
  A deep elf demonologist (Vaults:2)
  10 spark wasps
  2 deep elf annihilators
  17 ettins
  4 merfolk javelineers
  5 fire dragons
  7 merfolk impalers
  7 deep elf death magi
  2 minotaurs
  8 death oozes (Depths:2)
  3 deep elf high priests (Vaults:5)
  14 yaktaur captains
  10 great orbs of eyes
  A minotaur (shapeshifter) (Vaults:5)
  13 jiangshi
  33 vault guards
  8 rakshasas
  6 ice dragons
  A quicksilver dragon skeleton (Crypt:2)
  The ghost of IjonTichy1 the Covert, a journeyman OpAs of Dithmenos (Lair:3)
  5 hydras
  3 merfolk avatars
  A catoblepas (Shoals:3)
  5 centaur warriors
  A spectral shadow dragon (Crypt:3)
  5 spriggan air magi
  5 merfolk aquamancers
  Erica (D:8)
  2 alligator snapping turtles (Shoals:4)
  15 ogre magi
  3 death knights
  A satyr (Shoals:3)
  36 two-headed ogres
  15 deep troll shamans
  A dancing weapon (Vaults:5)
  3 tengu warriors (Depths:2)
  7 spriggan berserkers
  4 death yaks (Shoals:3)
  4 vampire magi
  9 deep troll earth magi
  2 orc high priests
  6 deep elf knights
  A titan skeleton (Crypt:3)
  33 skeletal warriors
  4 shadow wraiths
  7 hell knights
  Nergalle (D:11)
  A storm dragon skeleton (Crypt:1)
  A salamander mystic (Depths:4)
  2 sea snakes (Shoals:4)
  2 iron trolls (Depths:2)
  25 deep trolls
  A golden dragon skeleton (Crypt:2)
  6 unseen horrors
  11 flayed ghosts
  7 wizards
  14 phantasmal warriors
  A swamp dragon (Lair:5)
  5 deep elf archers
  A glowing orange brain (Vaults:4)
  14 ironbrand convokers
  A kraken simulacrum (Shoals:4)
  6 necromancers
  15 deep elf magi
  26 orb spiders
  A mana viper (shapeshifter) (Depths:3)
  31 ugly things
  21 orc knights
  15 harpies
  7 orc sorcerers
  35 wolf spiders
  5 manticores
  8 cyclopes
  4 elephants (Lair:4)
  2 moths of wrath (Spider:4)
  A manticore (shapeshifter) (Vaults:5)
  An elephant (shapeshifter) (Vaults:5)
  6 fauns
  2 merfolk sirens
  A black mamba (shapeshifter) (Depths:2)
  2 black mambas
  A guardian serpent (Depths:4)
  A spriggan zombie (Depths:3)
  17 vault sentinels
  An ice statue (IceCv)
  4 water nymphs
  A gargoyle (D:11)
  A torpor snail (Spider:3)
  3 naga magi
  An eye of devastation (shapeshifter) (Vaults:4)
  11 spiny frogs
  A black draconian zombie (Crypt:1)
  12 freezing wraiths
  A rime drake (shapeshifter) (Vaults:4)
  2 rime drakes (Lair:4)
  55 yaktaurs
  19 demonic crawlers
  6 komodo dragons
  3 tengu conjurers (Depths:2)
  2 jumping spiders (shapeshifter)
  A harpy zombie (Crypt:2)
  7 meliai
  3 guardian mummies (Crypt:1)
  23 merfolk
  A queen bee (shapeshifter) (Vaults:5)
  21 polar bears
  Prince Ribbit (D:9)
  34 jumping spiders
  14 trolls
  2 wind drakes (Shoals:4)
  15 hornets
  40 slime creatures
  40 blink frogs
  4 bog bodies
  5 hippogriffs
  A tyrant leech (shapeshifter) (Vaults:5)
  A frost giant simulacrum (Crypt:2)
  5 snapping turtles
  3 dream sheep (Shoals:4)
  42 redbacks
  49 flying skulls (Crypt:3)
  26 tarantellas
  A vampire (Depths:4)
  27 yaks
  16 spriggans
  10 wraiths
  6 wyverns
  14 water elementals
  4 shadows
  18 humans (D:14)
  9 air elementals
  A basilisk (Lair:1)
  4 fire bats (Lair:4)
  A human (shapeshifter) (Depths:3)
  A hog (shapeshifter) (Vaults:4)
  A golden eye (Spider:4)
  A basilisk (shapeshifter) (Vaults:2)
  Grum (D:8)
  2 vampire mosquitoes (D:15)
  A yaktaur simulacrum (Vaults:2)
  2 small abominations (Crypt:3)
  3 wargs
  A soldier ant (D:14)
  4 acid dragons
  Menkaure (D:4)
  4 large abominations
  17 water moccasins
  A torturous demonspawn skeleton (Crypt:2)
  A floating eye (Depths:3)
  A swamp drake (Lair:3)
  A deep troll skeleton (Crypt:2)
  28 orc warriors
  7 porcupines
  A black bear (shapeshifter) (Depths:2)
  A phantom (D:8)
  4 sky beasts
  The ghost of asdasd2 the Chopper, an amateur MiFi (D:4)
  A hornet zombie (D:11)
  5 ice beasts
  5 black bears
  An ice beast (shapeshifter) (Vaults:2)
  17 necrophages
  40 ogres
  A boggart (shapeshifter) (Vaults:5)
  35 wolves
  19 boggarts
  A dream sheep skeleton (Crypt:1)
  8 crocodiles
  13 centaurs
  A crocodile (shapeshifter) (Depths:2)
  A big kobold (D:11)
  A komodo dragon zombie (Crypt:2)
  A rime drake skeleton (Crypt:2)
  A yaktaur skeleton (Crypt:2)
  11 bullfrogs
  4 elf zombies (Crypt:1)
  A wyvern zombie (D:8)
  An elf skeleton (Crypt:1)
  A wyvern skeleton (D:8)
  4 scorpions
  8 killer bees
  16 wights
  A spriggan skeleton (Crypt:1)
  4 howler monkeys
  2 crimson imps
  4 centaur zombies
  A bullfrog zombie (D:7)
  A quasit (D:15)
  7 human zombies (Crypt:1)
  11 jellies
  19 orc wizards
  7 hounds
  2 bullfrog skeletons (D:10)
  7 centaur skeletons
  A human skeleton (Crypt:1)
  16 orc priests
  7 worker ants
  An ogre zombie (Crypt:1)
  A big kobold zombie (Ossuary)
  A felid skeleton (Crypt:1)
  A hound zombie (D:6)
  An acid dragon skeleton (Crypt:2)
  6 mummies
  11 gnolls
  A howler monkey skeleton (D:6)
  16 adders
  2 shadow imps
  12 white imps (D:15)
  An ufetubus (Depths:3)
  7 oozes (Depths:2)
  2 adder skeletons
  3 worms (D:3)
  A barachi skeleton (Crypt:1)
  2 dart slugs
  8 leopard geckos
  74 orcs
  3 ball pythons
  9 bats
  A bat (shapeshifter) (Vaults:5)
  4 giant cockroaches
  5 goblins
  12 hobgoblins
  8 jackals
  7 kobolds
  4 quokkas
  A quokka (shapeshifter) (Vaults:5)
  5 frilled lizards
  A hobgoblin zombie (Ossuary)
  A jackal skeleton (D:4)
  A kobold zombie (Ossuary)
  A leopard gecko zombie (D:6)
  6 rats
  2 crawling corpses (Vaults:2)
  A fungus (Lair:6)
  4 plants (Shoals:3)
1993 creatures vanquished.

Vanquished Creatures (collateral kills)
  A titan (Vaults:5)
  A tengu reaver (Depths:3)
  2 shadow dragons (Depths:3)
  2 fire giants (Depths:3)
  A caustic shrike zombie (Depths:3)
  A deep elf annihilator (Vaults:5)
  A yaktaur captain (Depths:3)
  An ice dragon (Depths:3)
  A deep troll shaman (Vaults:5)
  2 deep trolls
  A golden dragon zombie (Depths:3)
  A flayed ghost (Depths:3)
  A glowing orange brain (Depths:3)
  2 skeletal warriors (Depths:3)
  A harpy (Vaults:5)
  A phantasmal warrior (Depths:4)
  2 wizards
  A komodo dragon (D:11)
  A yaktaur (Depths:3)
  2 slime creatures (Depths:3)
  A human (D:14)
  An acid dragon (shapeshifter) (Depths:2)
  A leopard gecko (D:8)
29 creatures vanquished.

Vanquished Creatures (others)
  A lich (Depths:4)
  2 very ugly things (Depths:2)
  An ettin (Depths:3)
  A yaktaur captain (Vaults:5)
  An ogre mage (Vaults:1)
  A deep troll earth mage (Depths:3)
  A deep troll (Depths:3)
  Psyche (D:10)
  A slime creature (Depths:3)
  2 ogres
  A killer bee (D:11)
  A howler monkey (D:8)
  4 fungi
  5 plants (Shoals:3)
  8 tentacles (Shoals:4)
31 creatures vanquished.

Grand Total: 2053 creatures vanquished

Notes
Turn   | Place    | Note
-------+----------+-------------------------------------------
     0 | D:1      | Zwobot the Mummy Fighter began the quest for the Orb.
     0 | D:1      | Reached XP level 1. HP: 18/18 MP: 1/1
   170 | D:1      | Reached XP level 2. HP: 23/24 MP: 2/2
   682 | D:1      | Reached XP level 3. HP: 28/29 MP: 3/3
   964 | D:2      | Found a shattered altar of Ashenzari.
  1060 | D:2      | Found a bloodstained altar of Trog.
  1111 | D:2      | Found a radiant altar of Vehumet.
  1318 | D:2      | Reached XP level 4. HP: 6/35 MP: 4/4
  2492 | D:3      | Reached XP level 5. HP: 41/41 MP: 5/5
  2873 | D:4      | Found a sand-covered staircase.
  2887 | Ossuary  | Entered an ossuary
  2974 | Ossuary  | Reached skill level 5 in Long Blades
  3308 | D:4      | Noticed Menkaure
  3376 | D:4      | Noticed asdasd2's ghost (amateur MiFi)
  3413 | D:5      | Entered Level 5 of the Dungeon
  3413 | D:5      | Noticed a sky beast
  3432 | D:5      | Killed a sky beast
  3432 | D:5      | Reached XP level 6. HP: 28/47 MP: 6/6
  3587 | D:5      | Noticed an ice beast
  3591 | D:5      | Killed an ice beast
  3676 | D:5      | Reached XP level 7. HP: 51/52 MP: 7/7
  4040 | D:5      | Found a glowing golden altar of the Shining One.
  4040 | D:5      | Found an iron altar of Okawaru.
  4859 | D:2      | Became a worshipper of Ashenzari the Shackled
  4992 | D:4      | Killed asdasd2's ghost
  4992 | D:4      | Reached XP level 8. HP: 35/58 MP: 8/8
  4998 | D:4      | Killed Menkaure
  5197 | D:4      | Found a basalt altar of Yredelemnul.
  5587 | D:6      | Found a shimmering altar of Xom.
  5590 | D:6      | Found Rafat's Gadget Shop.
  5627 | D:6      | Found a runed door.
  5804 | D:6      | Found a staircase to the Ecumenical Temple.
  5884 | D:6      | Reached * piety under Ashenzari
  6480 | D:7      | Reached skill level 10 in Long Blades
  6480 | D:7      | Reached XP level 9. HP: 63/63 MP: 9/9
  7656 | D:8      | Noticed Grum
  7740 | D:8      | Found a sacrificial altar of Ru.
  7800 | D:8      | Noticed Erica
  7885 | D:8      | Reached skill level 5 in Fighting
  8175 | D:9      | Found a blossoming altar of Fedhas.
  8291 | D:9      | Reached skill level 1 in Evocations
  8311 | D:9      | Found a sparkling altar of Nemelex Xobeh.
  8610 | D:9      | Found a shadowy altar of Dithmenos.
  8611 | D:9      | Reached ** piety under Ashenzari
  8710 | D:8      | Killed Grum
  8850 | D:9      | Identified a scroll of acquirement
  9047 | D:8      | Found Kuischawa's Book Shop.
  9068 | D:8      | Reached XP level 10. HP: 73/74 MP: 11/13
  9104 | D:8      | Noticed a two-headed ogre
  9249 | D:8      | Noticed a cyclops
  9249 | D:8      | a two-headed ogre changed into a cyclops
  9297 | D:9      | Found a white marble altar of Elyvilon.
  9316 | D:9      | Identified the +10 spear of the Inferno {flame, *Noise +Blink Str+2}
  9333 | D:9      | Noticed Prince Ribbit
  9340 | D:9      | Killed Prince Ribbit
  9654 | D:10     | Entered Level 10 of the Dungeon
  9654 | D:10     | Found a bloodstained altar of Trog.
  9893 | D:10     | Noticed a purple ugly thing
  9929 | D:10     | Killed a purple ugly thing
 10141 | D:10     | Noticed Psyche
 10144 | D:10     | Reached *** piety under Ashenzari
 10146 | D:10     | Noticed a two-headed ogre
 10155 | D:10     | Your ally died
 10430 | D:10     | Noticed a two-headed ogre
 10436 | D:10     | Killed a two-headed ogre
 10618 | D:10     | Found a portal to a secret trove of treasure.
 11204 | D:11     | Noticed an eight-headed hydra
 11216 | D:11     | Killed a nine-headed hydra
 11216 | D:11     | Reached skill level 5 in Evocations
 11216 | D:11     | Reached XP level 11. HP: 54/84 MP: 14/14
 11364 | D:11     | Noticed Nergalle
 11476 | D:11     | Killed Nergalle
 11617 | D:11     | Found a staircase to the Lair.
 11665 | D:11     | Noticed a two-headed ogre
 11684 | D:11     | Killed a two-headed ogre
 12020 | D:11     | Noticed a green ugly thing
 12042 | D:11     | Killed a green ugly thing
 12091 | D:11     | Noticed a six-headed hydra
 12370 | D:8      | Killed Erica
 12513 | D:11     | Killed a one-headed hydra
 12719 | D:11     | Noticed Snorg
 12720 | D:11     | Noticed Snorg
 12720 | D:11     | Snorg changed into Snorg the tarantella
 12723 | D:11     | Noticed an unseen horror
 12723 | D:11     | Killed Snorg the tarantella
 12732 | D:11     | Killed an unseen horror
 12732 | D:11     | Reached skill level 5 in Armour
 12812 | D:11     | Noticed Erolcha
 12837 | Lair:1   | Entered Level 1 of the Lair of Beasts
 12957 | Lair:1   | Reached XP level 12. HP: 88/94 MP: 17/17
 13209 | Lair:1   | Reached **** piety under Ashenzari
 13637 | Lair:2   | Found a shadowy altar of Dithmenos.
 13850 | Lair:2   | Reached ***** piety under Ashenzari
 13861 | Lair:2   | Identified the +3 leather armour "Iwinob" {rPois Str-5 Slay+3 Stlth+} (You found it on level 2 of the Lair of Beasts)
 14419 | Lair:3   | Found a staircase to the Shoals.
 14424 | Lair:3   | Noticed IjonTichy1's ghost (journeyman OpAs)
 14457 | Lair:3   | Killed IjonTichy1's ghost
 14664 | Lair:3   | Noticed an eight-headed hydra
 14671 | Lair:3   | Killed a five-headed hydra
 15284 | Lair:4   | Reached skill level 10 in Fighting
 15696 | Lair:4   | Found a hole to the Spider Nest.
 15763 | Lair:4   | Noticed an eight-headed hydra
 15769 | Lair:4   | Killed a five-headed hydra
 15769 | Lair:4   | Gained mutation: You are in touch with the powers of death. [Mummy growth]
 15769 | Lair:4   | Reached XP level 13. HP: 82/104 MP: 18/18
 16515 | Lair:5   | Noticed Nessos
 16516 | Lair:5   | Noticed Nessos
 16516 | Lair:5   | Nessos changed into Nessos the swamp dragon
 16530 | Lair:5   | Killed Nessos the swamp dragon
 16994 | Lair:6   | Entered Level 6 of the Lair of Beasts
 17568 | Lair:6   | Identified the cursed +0 large shield "Weimenup" {rPois rCorr Int-5}
 17667 | Lair:6   | Reached skill level 10 in Armour
 17881 | Lair:6   | Found a viscous altar of Jiyva.
 17882 | Lair:6   | Found a staircase to the Slime Pits.
 18074 | Lair:6   | Reached ****** piety under Ashenzari
 18526 | D:11     | Noticed Erolcha
 18526 | D:11     | Erolcha changed into Erolcha the meliai
 18531 | D:11     | Killed Erolcha the meliai
 18636 | D:11     | Reached XP level 14. HP: 116/116 MP: 19/19
 18647 | D:11     | Reached skill level 1 in Dodging
 19143 | D:12     | Found a staircase to the Orcish Mines.
 19486 | D:13     | Found Nakoe's Antique Weapon Emporium.
 19497 | D:13     | Bought a glowing great sword for 323 gold pieces
 20746 | D:14     | Found a gate to the Vaults.
 20762 | D:14     | Reached skill level 5 in Dodging
 21377 | D:15     | Entered Level 15 of the Dungeon
 21549 | D:15     | Found a staircase to the Depths.
 21821 | D:15     | Found a frozen archway.
 21845 | IceCv    | Entered an ice cave
 22110 | IceCv    | Reached XP level 15. HP: 115/126 MP: 20/20
 22182 | IceCv    | Noticed a frost giant
 22190 | IceCv    | Killed a frost giant
 22571 | D:15     | Found a bloodstained altar of Trog.
 22605 | D:15     | Found Axerr's Elemental Accessories.
 23063 | Orc:1    | Entered Level 1 of the Orcish Mines
 23298 | Orc:2    | Entered Level 2 of the Orcish Mines
 23320 | Orc:2    | Found a labyrinth entrance.
 23343 | Lab      | Entered a labyrinth
 23917 | Lab      | Identified the amulet "Rebbyej" {+Rage rF+ Str+2}
 23917 | Lab      | Identified the +4 halberd of Facip {flame, rElec rF- Int+4 Dex+6}
 23920 | Lab      | Got the uncursed scale mail of Ru's Approval {rF+ Str+3}
 23931 | Lab      | Identified the +6 scale mail of Ru's Approval {rF+ Str+3} (You found it in a labyrinth)
 24262 | Orc:2    | Found Emuaveit's Jewellery Shoppe.
 24306 | Orc:2    | Found Geuphous's Gadget Boutique.
 24314 | Orc:2    | Found Iluo's Gadget Shoppe.
 24413 | Orc:2    | Found Buni's Magic Scroll Emporium.
 24492 | Orc:2    | Found Tola Kugg's Weapon Shop.
 24712 | Orc:2    | Found a staircase to the Elven Halls.
 25072 | Orc:2    | Bought a lamp of fire for 560 gold pieces
 25072 | Orc:2    | Bought a lightning rod (4/4) for 560 gold pieces
 25290 | Spider:1 | Entered Level 1 of the Spider Nest
 26452 | Spider:2 | Reached skill level 15 in Fighting
 26507 | Spider:2 | Reached XP level 16. HP: 136/136 MP: 21/21
 26748 | Spider:2 | Identified the cursed +3 rapier "Alairao" {pierce, rN++ Stlth+}
 27797 | Spider:3 | Reached skill level 10 in Dodging
 28240 | Spider:4 | Entered Level 4 of the Spider Nest
 29002 | Spider:4 | Noticed Arachne
 29052 | Spider:4 | Killed Arachne
 29052 | Spider:4 | Reached skill level 15 in Long Blades
 29315 | Spider:4 | Reached XP level 17. HP: 140/143 MP: 22/22
 29560 | Spider:4 | Got a gossamer rune of Zot
 29688 | Shoals:1 | Entered Level 1 of the Shoals
 30397 | Shoals:3 | Noticed Polyphemus
 30458 | Shoals:3 | Killed Polyphemus
 30730 | Shoals:4 | Entered Level 4 of the Shoals
 30940 | Shoals:4 | Noticed Ilsuiw
 31366 | Shoals:4 | Identified the +8 short sword of Jutseju {pain, MR++} (You took it off a merfolk aquamancer on level 4 of the Shoals)
 31486 | Shoals:4 | Got a barnacled rune of Zot
 31853 | Vaults:1 | Entered Level 1 of the Vaults
 32026 | Vaults:1 | Reached XP level 18. HP: 153/153 MP: 23/23
 33833 | Vaults:2 | Noticed an Ice Fiend
 34288 | Vaults:2 | Noticed Nikola
 34440 | Vaults:3 | Noticed a tentacled monstrosity
 34591 | Vaults:3 | Reached XP level 19. HP: 108/162 MP: 24/24
 34707 | Vaults:3 | Found a staircase to the Crypt.
 34792 | Vaults:3 | Learned a level 8 spell: Controlled Blink
 34867 | Vaults:3 | Reached skill level 1 in Translocations
 34872 | Vaults:3 | Reached skill level 1 in Spellcasting
 34994 | Vaults:3 | Reached skill level 2 in Translocations
 35032 | Vaults:3 | Reached skill level 3 in Translocations
 35213 | Vaults:3 | Reached skill level 4 in Translocations
 35584 | Vaults:3 | Reached skill level 5 in Translocations
 35931 | Vaults:4 | Found Ripa Moo's Jewellery Shoppe.
 35936 | Vaults:4 | Noticed Xtahua
 35960 | Vaults:4 | Killed Xtahua
 35960 | Vaults:4 | Reached skill level 5 in Spellcasting
 35998 | Vaults:4 | Reached skill level 6 in Translocations
 36304 | Vaults:4 | Reached skill level 7 in Translocations
 36325 | Vaults:4 | Reached XP level 20. HP: 171/171 MP: 30/30
 36895 | Vaults:4 | Reached skill level 8 in Translocations
 37334 | Crypt:1  | Entered Level 1 of the Crypt
 37740 | Crypt:1  | Reached skill level 9 in Translocations
 38426 | Crypt:1  | Found an ancient bone altar of Kikubaaqudgha.
 38678 | Crypt:2  | Reached skill level 10 in Translocations
 38869 | Crypt:2  | Reached skill level 10 in Spellcasting
 39513 | Crypt:3  | Entered Level 3 of the Crypt
 39571 | Crypt:3  | Reached skill level 1 in Throwing
 39809 | Crypt:3  | Found an ancient bone altar of Kikubaaqudgha.
 39913 | Crypt:3  | Reached XP level 21. HP: 170/177 MP: 35/35
 39928 | Crypt:3  | Reached skill level 5 in Throwing
 39946 | Crypt:3  | Identified the cursed +0 ring mail of Analysis {Stlth+} (You took it off a skeletal warrior on level 3 of the Crypt)
 40141 | Crypt:3  | Paralysed by a vampire knight for 5 turns
 40145 | Crypt:3  | HP: 5/177 [death knight/great mace of protection (6)]
 40479 | Crypt:3  | Identified the +2 ice dragon scales of a bailey {*Drain rF- rC++ Dex+7}
 40514 | Crypt:3  | Identified Xagheil's Handbook of Evil Rituals
 40622 | Crypt:3  | Reached skill level 11 in Translocations
 40879 | Crypt:3  | Learned a level 5 spell: Dispel Undead
 40946 | Crypt:3  | Reached skill level 1 in Necromancy
 41068 | Crypt:3  | Found a staircase to the Tomb.
 41068 | Crypt:3  | Noticed an ancient lich
 41078 | Crypt:3  | Killed an ancient lich
 41080 | Crypt:3  | Identified the +2 robe of Good Intentions {Str+5}
 41165 | Crypt:3  | Noticed a profane servitor
 41194 | Crypt:3  | Killed a profane servitor
 41236 | Crypt:3  | Reached skill level 5 in Necromancy
 41513 | Vaults:3 | Learned a level 3 spell: Vampiric Draining
 41518 | Vaults:3 | Learned a level 4 spell: Control Undead
 41523 | Vaults:3 | Learned a level 4 spell: Animate Dead
 41631 | Vaults:5 | Entered Level 5 of the Vaults
 41653 | Vaults:5 | Noticed a golden dragon
 41756 | Vaults:5 | Reached skill level 12 in Translocations
 41952 | Vaults:5 | Killed a golden dragon
 41973 | Vaults:5 | Reached skill level 13 in Translocations
 41977 | Vaults:5 | Noticed a golden dragon
 42003 | Vaults:5 | Killed a golden dragon
 42018 | Vaults:5 | Noticed a golden dragon
 42033 | Vaults:5 | Killed a golden dragon
 42072 | Vaults:5 | Reached XP level 22. HP: 184/184 MP: 37/37
 42095 | Vaults:5 | Noticed an ancient lich
 42114 | Vaults:5 | Killed an ancient lich
 42156 | Vaults:5 | Reached skill level 14 in Translocations
 42250 | Vaults:5 | Noticed a golden dragon
 42273 | Vaults:5 | Killed a golden dragon
 42341 | Vaults:5 | Reached skill level 15 in Translocations
 42358 | Vaults:5 | Noticed a golden dragon
 42366 | Vaults:5 | Killed a golden dragon
 42569 | Vaults:5 | Reached skill level 16 in Translocations
 42760 | Vaults:5 | Got a silver rune of Zot
 42930 | Vaults:5 | Identified the +5 mace "Zekobei" {venom, SInv}
 42937 | Vaults:5 | Identified Eraitiri's Volume of Warped Protection
 42940 | Vaults:5 | Learned a level 1 spell: Apportation
 42949 | Vaults:5 | Learned a level 8 spell: Disjunction
 43138 | Vaults:5 | Learned a level 6 spell: Deflect Missiles
 43233 | Vaults:5 | Identified the +6 scale mail of Vampiric Thralls {rElec rPois rC+ Stlth+}
 43460 | Vaults:5 | Identified the +3 leather armour of Vyosa {+Fly Slay+3} (You found it on level 2 of the Vaults)
 43785 | Depths:1 | Entered Level 1 of the Depths
 44024 | Depths:1 | Found a gateway to Hell.
 44283 | Depths:1 | Reached XP level 23. HP: 180/190 MP: 38/38
 44454 | Depths:2 | Identified the ring of Qiopo {rElec rPois rC- Stlth-}
 44479 | Depths:2 | Reached skill level 17 in Translocations
 45264 | Depths:2 | Reached skill level 18 in Translocations
 45613 | Depths:2 | Identified Eqifof's Guide on Cloudy Beguiling
 46156 | Depths:3 | Reached skill level 19 in Translocations
 46288 | Depths:3 | Noticed an ancient lich
 46305 | Depths:3 | Killed an ancient lich
 46337 | Depths:3 | Identified Dussunets's Almanac of Unholy Arts
 46346 | Depths:3 | Learned a level 6 spell: Death Channel
 46383 | Depths:3 | Reached XP level 24. HP: 196/198 MP: 34/38
 46725 | Depths:3 | Found a shadowy altar of Dithmenos.
 46757 | Depths:3 | Identified the cursed +0 chain mail "Rism" {MR+} (You took it off a skeletal warrior on level 3 of the Depths)
 46987 | Depths:3 | Reached skill level 20 in Translocations
 47124 | Depths:3 | Found a one-way gate leading to the halls of Pandemonium.
 47291 | Depths:4 | Noticed Jory
 47300 | Depths:4 | Killed Jory
 47611 | Depths:4 | Noticed Margery
 47647 | Depths:4 | Killed Margery
 48052 | Depths:4 | Quit the game

Skill      XL: |  1  2  3  4  5  6  7  8  9 10 11 12 13 14 15 16 17 18 19 20 21 22 23 24 |
---------------+-------------------------------------------------------------------------+-----
Long Blades    | 2 3 4 5 6 7 10 11 12 13 14 15 | 15.4
Armour         | 4 5 8 10 11 12 13 14 | 14.0
Fighting       | 5 7 8 10 12 14 15 16 17 18 | 18.2
Evocations     | 4 5 7 |  7.1
Dodging        | 8 9 10 11 13 | 13.3
Translocations | 7 10 13 16 19 20 | 20.9
Spellcasting   | 7 10 11 | 11.0
Throwing       | 4 6 |  6.1
Necromancy     | 5 |  5.7
Shields        | |  2.4

Action                   |  1- 3 |  4- 6 |  7- 9 | 10-12 | 13-15 | 16-18 | 19-21 | 22-24 || total
-------------------------+-------+-------+-------+-------+-------+-------+-------+-------++-------
Melee: Long sword        |   131 |   219 |   561 |   343 |       |       |       |       ||  1254
       Scimitar          |       |       |       |   418 |  1212 |       |       |       ||  1630
       Great sword       |       |       |       |       |   427 |  1611 |  1876 |  1748 ||  5662
Throw: Javelin           |       |     3 |     9 |    12 |       |     5 |     8 |     1 ||    38
       Throwing net      |       |       |       |       |       |     3 |     5 |     7 ||    15
 Cast: Animate Dead      |       |       |       |       |       |       |     4 |    17 ||    21
       Dispel Undead     |       |       |       |       |       |       |       |    11 ||    11
       Control Undead    |       |       |       |       |       |       |       |     3 ||     3
       Controlled Blink  |       |       |       |       |       |       |       |     1 ||     1
       Vampiric Draining |       |       |       |       |       |       |       |     2 ||     2
Invok: Curse Item        |       |       |     4 |     2 |     1 |       |     4 |       ||    11
       Scrying           |       |       |       |       |       |     1 |       |     1 ||     2
Evoke: Wand              |       |       |     8 |    32 |    38 |    21 |     3 |    19 ||   121
       Fan of gales      |       |       |       |     1 |       |       |       |       ||     1
       Box of beasts     |       |       |       |       |     1 |       |       |     1 ||     2
       Lightning rod     |       |       |       |       |       |     4 |       |       ||     4
       Lamp of fire      |       |       |       |       |       |     3 |     4 |     2 ||     9
  Use: Scroll            |       |    15 |    14 |     8 |    14 |     6 |    11 |     6 ||    74
 Stab: Sleeping          |       |       |       |     1 |       |       |       |       ||     1
       Confused          |       |       |       |       |    18 |     1 |       |     1 ||    20
       Petrified         |       |       |       |       |       |     3 |       |       ||     3
       Paralysed         |       |       |       |       |       |     3 |       |       ||     3
       Held in net/web   |       |       |       |       |       |       |     2 |     6 ||     8
       Distracted        |       |       |       |       |       |       |     1 |     6 ||     7
Armor: Scale mail        |    48 |   104 |    29 |       |    66 |   362 |   303 |   331 ||  1243
       Chain mail        |       |       |     9 |       |       |       |       |       ||     9
       Plate armour      |       |       |   108 |    83 |   200 |       |       |       ||   391
       Troll leather arm |       |       |       |    43 |    32 |       |       |       ||    75
Dodge: Dodged            |    47 |    63 |   274 |   455 |  1317 |  1881 |  1780 |  2057 ||  7874
Block: Shield            |    65 |   106 |   255 |   307 |   532 |       |       |       ||  1265
       Rpst.: Long sword |    21 |    18 |    84 |    42 |       |       |       |       ||   165
       Scimitar          |       |       |       |    91 |   205 |       |       |       ||   296
       Great sword       |       |       |       |       |   108 |   349 |   409 |   367 ||  1233
